 Dungeon Crawl Stone Soup version 0.20.1-1-g8b1a95d (webtiles) character file.

1068 grizmgrazm2 the Covert (level 8, 0/81 HPs)
             Began as a Vampire Enchanter on Oct 1, 2017.
             Was an Initiate of Ashenzari.
             Succumbed to a killer bee's poison
             ... on level 8 of the Dungeon.
             The game lasted 00:21:02 (5990 turns).

grizmgrazm2 the Covert (Vampire Enchanter)          Turns: 5990, Time: 00:21:03

Health: 0/81       AC:  5    Str: 12    XL:     8   Next: 7%
Magic:  1/14       EV: 13    Int: 25    God:    Ashenzari [......]
Gold:   200        SH:  2    Dex: 14    Spells: 6/15 levels left

rFire    . . .     SeeInvis +   a - +2 dagger
rCold    . . .     Gourm    .   (no shield)
rNeg     + . .     Faith    .   b - +0 robe
rPois    .         Spirit   .   (no helmet)
rElec    .         Reflect  +   k - +1 cloak
rCorr    .         Harm     .   f - +0 pair of gloves
MR       .....                  (no boots)
Stlth    ..........             o - +2 amulet of reflection (curse)
Regen    0.3/turn               (no ring)
MPRegen  0.2/turn               (no ring)

@: brilliant, berserking, lethally poisoned (0 -> -24), very quick
A: fangs 3, see invisible, unbreathing
a: Bat Form, Curse Item, Renounce Religion


You were on level 8 of the Dungeon.
You worshipped Ashenzari.
Ashenzari was noncommittal.
You were not thirsty.

You visited 2 branches of the dungeon, and saw 10 of its levels.

You collected 200 gold pieces.

Inventory:

Hand Weapons
 a - a +2 dagger (weapon)
Armour
 b - a +0 robe (worn)
 f - a +0 pair of gloves (worn)
 k - a +1 cloak (worn)
Jewellery
 o - a cursed +2 amulet of reflection (around neck)
Scrolls
 e - 3 scrolls of amnesia {unknown}
 h - 2 scrolls of teleportation
Potions
 d - 2 potions of blood
 g - a potion of invisibility
 i - a potion of might {unknown}
 j - a potion of brilliance
 m - a potion of degeneration {unknown}
 n - a potion of berserk rage
Books
 c - a book of Maledictions

   Spells                             Type                      Level
   a - Corona                         Hexes                        1
   b - Ensorcelled Hibernation        Hexes/Ice                    2
   c - Confuse                        Hexes                        3
   d - Tukima's Dance                 Hexes                        3
   e - Dazzling Spray                 Conjuration/Hexes            3
 p - a book of Clouds

   Spells                             Type                      Level
   a - Poisonous Vapours              Poison/Air                   2
   b - Mephitic Cloud                 Conjuration/Poison/Air       3
   c - Conjure Flame                  Conjuration/Fire             3
   d - Freezing Cloud                 Conjuration/Ice/Air          6
   e - Ring of Flames                 Charms/Fire                  7


   Skills:
 + Level 1.4 Fighting
 + Level 3.1 Short Blades
 + Level 3.0 Dodging
 + Level 9.6 Stealth
 + Level 0.4 Unarmed Combat
 + Level 4.1 Spellcasting
 + Level 7.5 Hexes
 + Level 2.3 Ice Magic


You had 6 spell levels left.
You knew the following spells:

 Your Spells              Type           Power        Failure   Level  Hunger
a - Ensorcelled Hibernat  Hex/Ice        #####.       1%          2    None
b - Confuse               Hex            ######..     1%          3    ##.....
c - Tukima's Dance        Hex            ######..     1%          3    ##.....
d - Corona                Hex            ######.      1%          1    None


Dungeon Overview and Level Annotations

Branches:
Dungeon (9/15)             Temple (1/1) D:4
   Lair: D:8-11         Orc: D:9-12

Altars:
Ashenzari
Dithmenos
Elyvilon
Fedhas
Gozag
Hepliaklqana
Kikubaaqudgha
Nemelex Xobeh
Okawaru
Qazlal
Ru
Sif Muna
Uskayaw
Xom
Zin
The Shining One

Shops:
D:4 :

Annotations:
D:5 Blork the orc
D:9 Joseph


Innate Abilities, Weirdness & Mutations

You have razor-sharp teeth.
You have supernaturally acute eyesight. (SInv)
You can survive without breathing.


Message History

You feel sick.
The killer bee stings you but does no damage.
You closely miss the killer bee.
The killer bee is heavily wounded.
* * * LOW HITPOINT WARNING * * *
You feel sick. The killer bee barely misses you.
You barely miss the killer bee.
The killer bee is heavily wounded.
* * * LOW HITPOINT WARNING * * *
You feel sick.
The killer bee stops glowing.
The killer bee stings you.
* * * LOW HITPOINT WARNING * * *
You are more poisoned.
The killer bee poisons you! You block the killer bee's attack.
You closely miss the killer bee.
The killer bee is heavily wounded.
* * * LOW HITPOINT WARNING * * *
You feel sick. The killer bee barely misses you.
You barely miss the killer bee.
The killer bee is heavily wounded.
You die...

#.# #.# #.# #.#
###.# #...# #.###
#y# #@# #.# #.#
#.#####
#########.#.#.#...#
#....%....#.#.#.#.#
#.######..#.#.#.#.#
#.# #..#.#.#.#.#
#.#
#..#.#.#.#.########
#.#
#..#.#.#.#.#.......


You could see a killer bee.

Vanquished Creatures
  A phantom (D:8)
  A centaur (D:8)
  The ghost of Mellonil the Digger, an amateur GrEE (D:3)
  2 bullfrogs
  5 killer bees (D:8)
  A wight (D:7)
  A howler monkey (D:3)
  A hound (D:8)
  2 centaur skeletons (D:4)
  An iguana (D:7)
  An orc wizard (D:6)
  4 worker ants
  4 gnolls
  5 adders
  A shadow imp (D:4)
  An ooze (D:2)
  A dart slug (D:2)
  A leopard gecko (D:7)
  8 orcs
  3 giant cockroaches
  9 goblins
  7 hobgoblins
  9 jackals
  8 kobolds
  4 quokkas
  3 ball pythons
  6 bats
  5 frilled lizards
  A jackal zombie (D:5)
  A leopard gecko skeleton (D:4)
  21 rats
119 creatures vanquished.

Notes
Turn   | Place    | Note
-------+----------+-------------------------------------------
     0 | D:1      | grizmgrazm2 the Vampire Enchanter began the quest for the Orb.
     0 | D:1      | Reached XP level 1. HP: 13/13 MP: 3/3
   125 | D:1      | Reached XP level 2. HP: 5/19 MP: 3/5
   534 | D:1      | Reached skill level 5 in Hexes
   552 | D:1      | Learned a level 2 spell: Ensorcelled Hibernation
  1281 | D:2      | Reached XP level 3. HP: 21/25 MP: 0/6
  2242 | D:2      | Reached skill level 5 in Stealth
  2242 | D:2      | Reached XP level 4. HP: 31/31 MP: 7/7
  2417 | D:3      | Learned a level 3 spell: Confuse
  2799 | D:3      | Noticed Mellonil's ghost (amateur GrEE)
  2809 | D:3      | Reached XP level 5. HP: 36/36 MP: 4/9
  2811 | D:3      | Reached skill level 6 in Stealth
  2842 | D:3      | Killed Mellonil's ghost
  2842 | D:3      | Reached skill level 1 in Fighting
  2844 | D:3      | Reached skill level 1 in Ice Magic
  2849 | D:3      | Learned a level 3 spell: Tukima's Dance
  3361 | D:4      | Reached XP level 6. HP: 43/43 MP: 3/10
  3419 | D:4      | Found Mibly's Book Boutique.
  3605 | D:4      | Found a staircase to the Ecumenical Temple.
  3611 | Temple   | Entered the Ecumenical Temple
  3681 | Temple   | Became a worshipper of Ashenzari the Shackled
  3944 | D:4      | Reached skill level 7 in Stealth
  4086 | D:5      | Entered Level 5 of the Dungeon
  4252 | D:5      | Noticed Blork the orc
  4323 | D:5      | Found a hide-covered altar of Uskayaw.
  4342 | D:5      | Noticed a sky beast
  4917 | D:6      | Noticed an ice beast
  5062 | D:7      | Identified a scroll of acquirement
  5095 | D:7      | Reached XP level 7. HP: 48/48 MP: 10/12
  5132 | D:7      | Reached skill level 8 in Stealth
  5458 | D:7      | You fall through a shaft for 2 floors!
  5465 | D:9      | Noticed Joseph
  5766 | D:8      | Found a white marble altar of Elyvilon.
  5766 | D:8      | Found a deep blue altar of Sif Muna.
  5768 | D:8      | Found a sparkling altar of Nemelex Xobeh.
  5945 | D:8      | Reached skill level 9 in Stealth
  5954 | D:8      | Reached XP level 8. HP: 50/54 MP: 4/14
  5988 | D:8      | HP: 2/81 [killer bee (5)]
  5990 | D:8      | Succumbed to a killer bee's poison

Skill      XL: |  1  2  3  4  5  6  7 |
---------------+----------------------+-----
Hexes          | 5 6 7 |  7.5
Stealth        | 5 6 7 9 |  9.6
Fighting       | 1 |  1.4
Short Blades   | 2 3 |  3.1
Ice Magic      | 1 2 |  2.3
Spellcasting   | 3 4 |  4.1
Dodging        | 3 |  3.0
Unarmed Combat | |  0.4

Action                   |  1- 3 |  4- 6 |  7- 9 || total
-------------------------+-------+-------+-------++-------
Melee: Dagger            |   126 |   100 |    57 ||   283
       Bite              |     9 |     6 |     1 ||    16
       Unarmed           |       |     3 |       ||     3
 Cast: Corona            |    20 |     2 |     1 ||    23
       Ensorcelled Hiber |    25 |    41 |     9 ||    75
       Confuse           |       |    10 |     2 ||    12
       Tukima's Dance    |       |       |     2 ||     2
Invok: Curse Item        |       |     1 |       ||     1
 Abil: End Transformatio |       |     2 |     2 ||     4
       Bat Form          |       |     2 |     2 ||     4
  Use: Scroll            |     3 |     8 |       ||    11
       Potion            |     2 |     4 |     9 ||    15
 Stab: Sleeping          |    19 |    47 |    10 ||    76
       Confused          |       |     5 |     1 ||     6
Armor: Robe              |    22 |    22 |     7 ||    51
Dodge: Dodged            |    96 |    69 |    49 ||   214
Block: Other             |       |     3 |     7 ||    10
       Reflection        |       |     1 |       ||     1
